 Dungeon Crawl Stone Soup version 0.31.0-32-g396128a36d (webtiles) character file.

Game seed: 5952625192560454720

14900 Zeor the Zephyrmancer (level 12, -5/72 HPs)
             Began as a Tengu Air Elementalist on Apr 18, 2024.
             Was an Elder of Wu Jian.
             Slain by a basilisk (6 damage)
             ... while petrified by a basilisk
             ... on level 1 of the Lair of Beasts.
             The game lasted 00:48:49 (13562 turns).

Zeor the Zephyrmancer (Tengu Air Elementalist)     Turns: 13562, Time: 00:48:50

Health: -5/72      AC:  8    Str: 10    XL:     12   Next: 21%
Magic:  12/26      EV:  2    Int: 19    God:    Wu Jian [****..]
Gold:   750        SH:  0    Dex: 15    Spells: 19/29 levels left

rFire   . . .        o - +3 long sword
rCold   . . .        G - +18 shield of the Gong {Loud rN+ Will+ rCorr EV-5}
rNeg    + + +        q - +1 steam dragon scales
rPois   ∞            (helmet restricted)
rElec   .            p - +0 cloak
rCorr   +            g - +0 pair of gloves
SInv    +            (boots unavailable)
Will    +....        (no amulet)
Stlth   +++          i - +5 ring of evasion
HPRegen 0.32/turn    z - ring of see invisible
MPRegen 0.20/turn

%: acrobat
@: lethally poisoned (-5 -> -5), petrified, flying
A: beak, talons 3, evasive flight, acrobatic
a: Renounce Religion, Wall Jump, Serpent's Lash


You were on level 1 of the Lair of Beasts.
You worshipped Wu Jian.
Wu Jian was greatly pleased with you.
You visited 3 branches of the dungeon, and saw 13 of its levels.

You collected 1158 gold pieces.
You spent 408 gold pieces at shops.

Inventory:

Hand Weapons
 j - a +3 dagger of flaming
 k - the +1 falchion "Loskol" {freeze, Stlth+}
   (You found it on level 4 of the Dungeon)

   Stlth+:    It makes you more stealthy.
 o - a +3 long sword (weapon)
 r - a +5 short sword of venom
 D - a +0 scimitar
Missiles
 c - 2 curare-tipped darts
Armour
 g - a +0 pair of gloves (worn)
 p - a +0 cloak (worn)
 q - +1 steam dragon scales (worn)
 y - an orb of energy
 G - the +18 shield of the Gong (worn) {Loud rN+ Will+ rCorr EV-5}
   (You found it on level 10 of the Dungeon)

   Loud:      It is deafeningly noisy when blocking attacks.
   EV-5:      It affects your evasion (-5).
   rN+:       It protects you from negative energy.
   Will+:     It increases your willpower.
   rCorr:     It protects you from acid and corrosion.
Jewellery
 f - a ring of fire
 i - a +5 ring of evasion (left hand)
 w - a ring of protection from fire
 z - a ring of see invisible (right hand)
 A - a ring of fire
Wands
 n - a wand of roots (22)
 v - a wand of paralysis (28)
 C - a wand of quicksilver (7)
Scrolls
 l - a scroll of poison
 s - a scroll of fog
 t - 4 scrolls of teleportation
 B - a scroll of revelation
 E - a scroll of fear
 F - a scroll of identify
Potions
 a - 3 potions of curing
 b - 2 potions of magic
 d - a potion of attraction
 e - 3 potions of ambrosia
 u - a potion of enlightenment


   Skills:
 * Level 7.4 Fighting
 - Level 1.0(5.4) Short Blades
 * Level 8.5(8.6) Long Blades
 + Level 2.9 Armour
 + Level 5.2 Dodging
 - Level 5.2 Stealth
 * Level 4.1 Shields
 * Level 9.1 Spellcasting
 + Level 7.0 Conjurations
 * Level 12.0 Air Magic


You had 19 spell levels left.
You knew the following spells:

 Your Spells              Type           Power      Damage    Failure   Level
a - Airstrike             Air            26%        2d(4-20)  2%          4
d - Static Discharge      Conj/Air       90%        3-7/arc   1%          2
s - Swiftness             Air            53%        N/A       1%          3
z - Shock                 Conj/Air       100%       1d9       1%          1

Your spell library contained the following spells:

 Spells                   Type           Power      Damage    Failure   Level
 Magic Dart               Conj           100%       1d8       1%          1
 Searing Ray              Conj           70%        2d7       3%          2
 Hailstorm                Conj/Ice       22%        3d7       24%         3
 Freeze                   Ice            32%        1d5       34%         1
 Summon Small Mammal      Summ           32%        N/A       34%         1
 Blink                    Tloc           16%        N/A       45%         2
 Call Imp                 Summ           16%        N/A       45%         2
 Ensorcelled Hibernation  Hex/Ice        16%        N/A       45%         2
 Fulminant Prism          Conj/Alch      11%        3d8       63%         4
 Call Canine Familiar     Summ           8%         N/A       71%         3
 Frozen Ramparts          Ice            16%        1d3       71%         3
 Fugue of the Fallen      Necr           8%         N/A       71%         3
 Sigil of Binding         Hex            8%         N/A       71%         3
 Summon Ice Beast         Ice/Summ       8%         N/A       71%         3
 Tukima's Dance           Hex            8%         N/A       71%         3
 Anguish                  Hex/Necr       4%         N/A       98%         4
 Summon Blazeheart Golem  Fire/Summ      8%         N/A       98%         4
 Sculpt Simulacrum        Ice/Alch       4%         N/A       100%        6


Dungeon Overview and Level Annotations

Branches:
Dungeon (11/15)            Temple (1/1) D:4            Lair (1/5) D:11
    Orc (0/2) D:10

Altars:
Ashenzari
Cheibriados
Dithmenos
Elyvilon
Fedhas
Gozag
Hepliaklqana
Kikubaaqudgha
Makhleb
Nemelex Xobeh
Okawaru
Qazlal
Ru
Sif Muna
Trog
Uskayaw
Vehumet
Wu Jian
Xom
Yredelemnul
Zin
The Shining One

Shops:
D:5 *   D:9 *

Annotations:
D:5 1 runed translucent door, Crazy Yiuf
D:10 exclusion: door


Innate Abilities, Weirdness & Mutations

You have a beak for a mouth.
You have claws for feet.
Your magical flight helps you evade attacks. (EV +4)
You can magically evade attacks while moving or waiting.


Message History

The lightning grounds out.
The water moccasin is struck by an arc of lightning!
The water moccasin is heavily wounded.
The basilisk is struck by an arc of lightning!
The basilisk is heavily wounded.
The lightning grounds out.
The basilisk is struck by an arc of lightning.
The basilisk is severely wounded.
The water moccasin is struck by an arc of lightning!
The water moccasin is severely wounded.
The basilisk is struck by an arc of lightning.
The basilisk is almost dead.
The water moccasin is struck by an arc of lightning.
The water moccasin is almost dead.
The lightning grounds out.
The water moccasin bites you.
You are poisoned.
The water moccasin poisons you! The komodo dragon bites you.
You block the basilisk's attack.
BOUMMMMG!
You block the water moccasin's attack.
PANG!
You block the komodo dragon's attack.
GONNNNG!
You have turned to stone.
The water moccasin bites you.
The basilisk bites you but does no damage.
The komodo dragon bites you!
* * * LOW HITPOINT WARNING * * *
The water moccasin bites you. The basilisk gazes at you.
The water moccasin bites you. The komodo dragon bites you!!
* * * LOW HITPOINT WARNING * * *
The basilisk bites you but does no damage.
The water moccasin bites you but does no damage.
The komodo dragon hisses menacingly.
The komodo dragon bites you!
* * * LOW HITPOINT WARNING * * *
The water moccasin bites you but does no damage.
The basilisk bites you!
You die... ∙∙∙∙∙∙∙∙∙∙∙∙∙∙∙∙ ∙∙∙∙∙∙∙∙∙∙∙∙∙∙∙∙∙ ∙∙∙∙∙∙∙∙∙∙∙∙∙∙∙∙∙∙ ∙∙∙∙∙∙∙∙∙∙∙∙∙∙∙∙∙∙∙ ∙∙∙∙∙∙∙∙∙∙∙∙∙∙∙∙∙∙∙∙

∙∙∙∙∙∙∙∙∙∙∙∙∙∙∙∙≈∙∙∙∙
∙∙∙∙∙∙∙∙∙†∙∙∙∙∙≈≈∙∙∙∙∙
∙∙∙∙∙∙∙†l∙∙∙∙∙∙∙≈∙∙∙∙∙∙
∙∙∙∙∙∙∙QSF≈≈≈∙∙∙∙∙∙∙∙∙∙∙
▒∙∙∙∙∙∙∙∙∙∙l≈≈∙∙∙∙∙∙∙∙∙∙∙∙∙
▒∙∙∙∙∙∙∙∙∙≈≈∙∙∙∙∙∙∙∙∙∙∙∙∙∙∙
▒∙∙∙∙∙∙∙∙~≈∙∙∙∙≈~∙∙∙∙∙∙∙∙∙∙
▒∙∙∙∙∙∙∙∙∙∙≈≈~∙∙≈~∙∙∙∙∙∙∙∙∙
▒∙∙∙∙∙∙∙∙∙∙∙∙≈∙∙∙≈≈∙∙∙∙∙∙∙∙
▒∙∙∙∙∙∙∙∙∙∙∙∙≈∙∙∙∙∙∙∙∙∙∙∙∙∙
▒∙∙∙∙∙∙∙∙∙∙∙∙∙∙∙∙∙∙∙∙∙∙∙∙∙∙
▒∙∙∙∙∙∙∙∙∙∙∙∙∙∙∙∙∙∙∙∙∙∙∙∙∙∙


You could see a komodo dragon, a basilisk, a water moccasin and a bullfrog.

Vanquished Creatures
  A centaur warrior (D:11)
  A two-headed ogre (D:10)
  An ugly thing (D:10)
  A manticore (D:11)
  An elephant (D:11)
  2 vault sentinels (D:10)
  Jeremiah (D:8)
  A cane toad (Lair:1)
  3 unseen horrors
  2 trolls
  Prince Ribbit (D:5)
  14 yaks
  3 wyverns
  A basilisk (D:10)
  6 steam dragons
  7 vampire mosquitoes (D:10)
  Edmund (D:5)
  2 acid dragons
  2 water moccasins
  2 black bears
  An ice beast (D:4)
  3 sky beasts (D:7)
  2 orc warriors (D:10)
  5 ogres
  8 centaurs
  5 kobold brigands
  A phantom (D:5)
  9 bullfrogs
  2 scorpions (D:6)
  A gnoll sergeant (D:7)
  5 wights (D:9)
  10 killer bees
  5 howler monkeys
  6 hounds
  A bombardier beetle (D:5)
  4 jellies
  A gnoll bouda (D:7)
  7 orc priests
  A sleepcap (D:7)
  Jessica (D:2)
  3 iguanas
  13 orc wizards
  6 hell rats (Lair:1)
  4 gnolls (D:5)
  5 adders
  3 white imps
  2 ufetubi (D:6)
  5 ribbon worms
  2 dart slugs
  35 orcs
  5 ball pythons
  5 bats
  9 endoplasms
  5 giant cockroaches
  11 goblins
  9 hobgoblins
  5 jackals
  20 kobolds
  4 quokkas
  4 frilled lizards
  4 rats
290 creatures vanquished.

Notes
Turn   | Place    | Note
-------+----------+-------------------------------------------
     0 | D:1      | Zeor the Tengu Air Elementalist began the quest for the
                  | Orb.
     0 | D:1      | Reached XP level 1. HP: 10/10 MP: 4/4
   229 | D:1      | Reached XP level 2. HP: 11/16 MP: 0/6
   296 | D:1      | Reached skill level 1 in Fighting
   463 | D:1      | Learned a level 2 spell: Static Discharge
   890 | D:1      | Reached XP level 3. HP: 20/20 MP: 4/7
  1278 | D:2      | Noticed Jessica
  1284 | D:2      | Killed Jessica
  1285 | D:2      | Reached skill level 5 in Air Magic
  1375 | D:2      | Reached XP level 4. HP: 23/25 MP: 2/8
  1427 | D:2      | Learned a level 3 spell: Swiftness
  2574 | D:3      | Found a hide-covered altar of Uskayaw.
  2627 | D:3      | Reached XP level 5. HP: 30/30 MP: 5/10
  3329 | D:4      | Noticed an ice beast
  3416 | D:4      | Killed an ice beast
  3417 | D:4      | Reached XP level 6. HP: 35/36 MP: 8/12
  3527 | D:4      | Found a staircase to the Ecumenical Temple.
  3535 | Temple   | Entered the Ecumenical Temple
  3564 | D:4      | Identified the +1 falchion "Loskol" {freeze, Stlth+}
  3598 | D:4      | Found a shadowy altar of Dithmenos.
  3612 | D:4      | Found an ornate altar of the Wu Jian Council.
  3689 | D:4      | Became a worshipper of the Wu Jian Council
  3780 | D:4      | Reached skill level 6 in Air Magic
  3814 | D:4      | Learned a level 4 spell: Airstrike
  3898 | D:5      | Entered Level 5 of the Dungeon
  3935 | D:5      | Reached skill level 1 in Armour
  4013 | D:5      | Gained mutation: Your magical flight helps you evade
                  | attacks. (EV +4) [Tengu growth]
  4013 | D:5      | Reached XP level 7. HP: 24/40 MP: 6/13
  4142 | D:5      | Found a shimmering blue altar of Sif Muna.
  4170 | D:5      | Reached skill level 1 in Short Blades
  4170 | D:5      | Reached skill level 1 in Long Blades
  4335 | D:5      | Found a runed translucent door.
  4336 | D:5      | Noticed Crazy Yiuf
  4397 | D:5      | Noticed Edmund
  4399 | D:5      | Killed Edmund
  4849 | D:5      | Noticed Prince Ribbit
  4859 | D:5      | Killed Prince Ribbit
  4860 | D:5      | Reached XP level 8. HP: 24/48 MP: 11/15
  5000 | D:5      | Found Anipor's Overcharged Wands.
  5015 | D:5      | Reached * piety under Wu Jian
  5702 | D:6      | Noticed a yak
  5702 | D:6      | Noticed a yak
  5702 | D:6      | Noticed a yak
  5702 | D:6      | Noticed a yak
  5711 | D:5      | Killed a yak
  5712 | D:5      | Reached skill level 7 in Air Magic
  5848 | D:6      | Found a glowing silver altar of Zin.
  5848 | D:6      | Found an iron altar of Okawaru.
  5848 | D:6      | Found a bloodstained altar of Trog.
  5848 | D:6      | Found a burning altar of Makhleb.
  6014 | D:6      | Reached skill level 5 in Spellcasting
  6024 | D:6      | Found a sacrificial altar of Ru.
  6472 | D:6      | Reached XP level 9. HP: 41/52 MP: 3/17
  6650 | D:6      | Identified the blade talisman "Vettaig Xesu" {Str+4}
  6664 | D:6      | Reached skill level 8 in Air Magic
  7187 | D:7      | Reached ** piety under Wu Jian
  7245 | D:7      | Reached skill level 5 in Long Blades
  7272 | D:7      | Reached skill level 5 in Fighting
  7272 | D:7      | Reached skill level 5 in Conjurations
  7669 | D:7      | Found a snail-covered altar of Cheibriados.
  7875 | D:7      | Reached skill level 9 in Air Magic
  7910 | D:7      | Reached XP level 10. HP: 59/59 MP: 13/20
  9129 | D:8      | Found a broken altar of Ashenzari.
  9185 | D:8      | Reached skill level 10 in Air Magic
  9385 | D:8      | Found a white marble altar of Elyvilon.
  9432 | D:8      | Found a sparkling altar of Nemelex Xobeh.
  9509 | D:8      | Noticed Jeremiah
  9527 | D:8      | Killed Jeremiah
  9527 | D:8      | Reached *** piety under Wu Jian
  9980 | D:8      | Got the Quarto of Bewitching Cold
 10311 | D:9      | Noticed an unseen horror
 10325 | D:9      | Killed an unseen horror
 10375 | D:9      | Found Leycvax's Assorted Antiques.
 10391 | D:9      | Bought a short glowing staff for 408 gold pieces
 10461 | D:9      | Reached XP level 11. HP: 55/64 MP: 18/23
 10619 | D:9      | Reached skill level 11 in Air Magic
 10865 | D:9      | Found a blossoming altar of Fedhas.
 10947 | D:10     | Entered Level 10 of the Dungeon
 10987 | D:10     | Found a staircase to the Orcish Mines.
 11240 | D:10     | Noticed a two-headed ogre
 11253 | D:10     | Killed a two-headed ogre
 11362 | D:10     | Found a glowing golden altar of the Shining One.
 11376 | D:10     | Reached **** piety under Wu Jian
 11947 | D:10     | Found the +18 shield of the Gong {Loud rN+ Will+ rCorr
                  | EV-5}
 11958 | D:10     | Reached skill level 5 in Stealth
 12266 | D:10     | Noticed a deep elf pyromancer
 12619 | D:10     | Reached skill level 1 in Shields
 12763 | D:11     | Noticed a manticore
 12765 | D:11     | Noticed a centaur warrior
 12770 | D:11     | Killed a centaur warrior
 12770 | D:11     | Killed a manticore
 12892 | D:11     | Noticed a boulder beetle
 12903 | D:10     | Reached skill level 5 in Dodging
 13026 | D:11     | Noticed a cyan ugly thing
 13082 | D:10     | Killed a cyan ugly thing
 13083 | D:10     | Reached XP level 12. HP: 33/72 MP: 3/25
 13229 | D:10     | Reached skill level 12 in Air Magic
 13432 | D:11     | Found a staircase to the Lair.
 13466 | Lair:1   | Entered Level 1 of the Lair of Beasts
 13561 | Lair:1   | HP: 1/72 [komodo dragon (8)]
 13562 | Lair:1   | Slain by a basilisk

Illustrated notes

Levels and vault maps discovered:
D:1:      dpeg_arrival_fog, layout_loops_corners
D:2:      layout_rooms, uniq_jessica
D:3:      layout_loops_ring, lemuel_doored_altar, chequers_decorated_corner
D:4:      layout_rooms, overflow_temple_1_default, kennysheep_mini_moat,
          minmay_temple_entry_glassed_door
D:5:      layout_loops_corners, tgw_sif, grunt_decor_fettered,
          nicolae_shop_overcharged_wands, uniq_prince_ribbit1,
          uniq_crazy_yiuf_cottage, uniq_edmund
D:6:      layout_loops_ring, nicolae_ru_great_annihilating_truth,
          chequers_temple_overflow_statue_of_worship
D:7:      minmay_polygon_palace, layout_basic, chei_slow_surprise,
          hangedman_misty_isle
D:8:      layout_loops_corners, mainiacjoe_overflow_tiny_flanked,
          nicolae_ashenzari_skybound, nemelex_xobeh_ov_fountains_minmay,
          uniq_jeremiah
D:9:      layout_rooms, mainiacjoe_overflow_chevrons, serial_shops,
          nicolae_shop_pleasant_corner_grove
D:10:     cheibrodos_two_vegetables, layout_loops_ring,
          mainiacjoe_overflow_six_doors_small, david_orc_2,
          hellmonk_guarded_unrand_gong
D:11:     layout_long_grid, david_lair_generic, serial_glass, glass_columns_a,
          glass_columns_a
Temple:   nicolae_temple_ecumenical_triangle
Lair:1:   layout_layer_cave, chequers_serial_rivers_small_b

Skill      XL: |  1  2  3  4  5  6  7  8  9 10 11 12 |
---------------+-------------------------------------+-----
Fighting       | 1 2 3 4 5 6 7 |  7.4
Air Magic      | 5 6 7 9 10 11 12 | 12.0
Conjurations   | 2 3 4 5 6 7 |  7.0
Spellcasting   | 3 4 5 6 7 8 9 |  9.1
Armour         | 1 2 |  2.9
Short Blades   | 1 |  1.0
Long Blades    | 3 4 6 7 8 |  8.5
Stealth        | 3 4 5 |  5.2
Dodging        | 3 4 5 |  5.2
Shields        | 3 4 |  4.1

Action                     |  1- 3 |  4- 6 |  7- 9 | 10-12 || total
---------------------------+-------+-------+-------+-------++-------
  Melee: Unarmed           |     2 |       |       |       ||     2
         Kick              |     1 |    23 |    45 |   135 ||   204
         Dagger            |     3 |    38 |       |       ||    41
         Peck              |       |    13 |    17 |    74 ||   104
         Falchion          |       |    23 |   122 |    63 ||   208
         Short sword       |       |       |    12 |   158 ||   170
         Punch             |       |       |     1 |       ||     1
         Long sword        |       |       |       |   126 ||   126
   Cast: Shock             |    53 |    82 |    31 |    48 ||   214
         Static Discharge  |       |     5 |    56 |   122 ||   183
         Airstrike         |       |       |     7 |    10 ||    17
         Swiftness         |       |       |       |     1 ||     1
Ability: Lunge             |       |     4 |    18 |    41 ||    63
         Whirlwind         |       |       |     7 |    65 ||    72
         Wall Jump         |       |       |       |    16 ||    16
  Evoke: Wand              |       |       |       |     1 ||     1
    Use: Scroll            |     1 |     6 |     7 |     9 ||    23
         Potion            |       |     1 |     6 |     3 ||    10
   Stab: Sleeping          |       |     5 |     4 |    14 ||    23
         Paralysed         |       |       |     1 |     8 ||     9
         Distracted        |       |       |       |     1 ||     1
         Invisible         |       |       |       |     1 ||     1
 Armour: Robe              |     4 |     2 |       |       ||     6
         Leather armour    |       |    25 |    98 |       ||   123
         Steam dragon scal |       |       |     4 |   261 ||   265
  Dodge: Dodged            |    14 |    41 |   145 |   308 ||   508
  Block: Kite shield       |       |       |       |   277 ||   277
